 Dungeon Crawl Stone Soup version 0.25.1-8-g42b30a86e7 (webtiles) character file.

Game seed: 11745252437287231930

30 Descartes the Ducker (level 3, 0/17 HPs)
             Began as a Felid Monk on Dec 21, 2020.
             Slain by a worm (9 damage)
             ... on level 2 of the Dungeon.
             The game lasted 00:01:49 (1840 turns).

Descartes the Ducker (Felid Monk)                   Turns: 1840, Time: 00:01:50

Health: 0/17       AC:  1    Str:  8    XL:     3   Next: 5%
Magic:  4/4        EV: 20    Int: 11    God:
Gold:   157        SH:  0    Dex: 18    Spells: 2/2 levels left
                                        Lives:  0   Deaths: 0

rFire    . . .     SeeInvis +     - Unarmed
rCold    . . .     Gourm    .   (shield unavailable)
rNeg     . . .     Faith    .   (armour unavailable)
rPois    .         Spirit   .   (helmet unavailable)
rElec    .         Reflect  .   (cloak unavailable)
rCorr    .         Harm     .   (gloves unavailable)
MR       .....                  (boots unavailable)
Stlth    +++.......             (no amulet)
HPRegen  0.05/turn              (no ring)
MPRegen  0.09/turn              (no ring)

@: quick
A: very small, no armour, no weapons or thrown items, stealth, claws 1, fangs 3,
see invisible, carnivore, speed 1, shaggy fur 1, slow metabolism 1, sharp paws
a: no special abilities


You were on level 2 of the Dungeon.
You were completely stuffed.

You visited 1 branch of the dungeon, and saw 3 of its levels.

You collected 157 gold pieces.

Inventory:

Missiles
 b - 31 arrows
 e - 88 stones
Jewellery
 i - an uncursed amulet of reflection {unknown}
 l - a +6 ring of dexterity {unknown}
Wands
 k - a wand of flame (30)
Scrolls
 c - 5 scrolls of teleportation {unknown}
 d - 2 scrolls of identify {unknown}
Potions
 f - a potion of lignification {unknown}
 h - 2 potions of stabbing {unknown}
 j - a potion of degeneration {unknown}
Comestibles
 a - 2 rations


   Skills:
 + Level 3.3 Fighting
 + Level 4.4 Dodging
 + Level 3.4 Stealth
 + Level 3.3 Unarmed Combat


You had 2 spell levels left.
You didn't know any spells.
Your spell library was empty.

Dungeon Overview and Level Annotations

Branches:
Dungeon (3/15)

Altars:


Innate Abilities, Weirdness & Mutations

You cannot wear armour.
You are incapable of wielding weapons or throwing items.
Your paws allow you to move quietly. (Stealth)
You have sharp claws.
You have razor-sharp teeth.
You have supernaturally acute eyesight. (SInv)
You are carnivorous and can eat meat at any time.
You cover ground quickly.
You are covered in fur. (AC +1)
You have a slow metabolism.
Your sharp claws are effective at attacking unaware monsters.


Message History

You are too injured to fight recklessly!
You are too injured to fight recklessly!
You are too injured to fight recklessly!
You are too injured to fight recklessly!
You are too injured to fight recklessly!
You are too injured to fight recklessly!
You are too injured to fight recklessly!
You are too injured to fight recklessly!
You scratch the worm but do no damage. You bite the worm.
The worm is lightly wounded.
You barely miss the worm.
The worm is lightly wounded.
The worm misses you.
You scratch the worm.
The worm is heavily wounded.
You claw the worm!
The worm is severely wounded.
The worm bites you!
Ouch! That really hurt!
You die...

..#...# #...........#....#...#
......###............#..#....#
.##...............##..##..##.#
..)..#.#.########.##..##..##.#
.##....#.# #.....#..#....#
.###.###.#######....#....#...#
.# #.# ###.........#..##..#..#
####.# #.......w#...##...#.#
..##.#####......@#..........##
.#.....................######
.#....[..........#######
.#...............#
.................#
#................#
#.........######## #.........#
##........#


You could see a worm.

Vanquished Creatures
  A worm (D:2)
  3 leopard geckos
  5 bats
  2 giant cockroaches
  2 goblins
  A hobgoblin (D:2)
  2 kobolds
  A quokka (D:2)
  A ball python (D:3)
  3 frilled lizards
  2 rats
23 creatures vanquished.

Notes
Turn   | Place    | Note
-------+----------+-------------------------------------------
     0 | D:1      | Descartes the Felid Monk began the quest for the Orb.
     0 | D:1      | Reached XP level 1. HP: 10/10 MP: 2/2
   293 | D:1      | Reached XP level 2. HP: 14/14 MP: 3/3
   497 | D:1      | You fall into a shaft and drop 1 floor!
  1006 | D:2      | Found a faded altar of an unknown god.
  1441 | D:2      | Reached XP level 3. HP: 12/17 MP: 4/4
  1840 | D:2      | Slain by a worm

Illustrated notes

Levels and vault maps discovered:
D:1:      lemuel_arrival_room, layout_basic, minmay_pentomino_o4
D:2:      layout_basic, chequers_ecumenical_altar_simple_redux, minivault_26
D:3:      cheibrodos_helix_gallery, layout_basic, serial_curves, eino_curves_03,
          eino_curves_03

Skill      XL: |  1 |
---------------+----+-----
Stealth        | 3 |  3.4
Fighting       | |  3.3
Dodging        | |  4.4
Unarmed Combat | |  3.3

Action                   || total
-------------------------++-------
Melee: Unarmed           ||    69
       Bite              ||     7
 Stab: Sleeping          ||    10
  Eat: Chunk             ||     9
Armor: Skin              ||     2
Dodge: Dodged            ||    58
